 Dungeon Crawl Stone Soup version 0.28.0-53-g5a82cb258f (webtiles) character file.

Game seed: 11968191166508889586

2149 cbfl8 the Cleaver (level 9, -2/117 HPs)
             Began as a Hill Orc Fighter on Sept 15, 2022.
             Slain by a sky beast (7 damage)
             ... on level 7 of the Dungeon.
             The game lasted 00:08:32 (7620 turns).

cbfl8 the Cleaver (Hill Orc Fighter)                Turns: 7620, Time: 00:08:33

Health: -2/117     AC: 11    Str: 27    XL:     9   Next: 31%
Magic:  9/9        EV:  9    Int:  8    God:
Gold:   243        SH:  5    Dex: 12    Spells: 8/8 levels left

rFire   + . .      SeeInvis .   a - +0 war axe
rCold   x . .      Faith    .   c - +0 buckler
rNeg    . . .      Spirit   .   i - +0 chain mail
rPois   .          Reflect  .   (no helmet)
rElec   .          Harm     +   j - scarf {harm}
rCorr   .          Rampage  .   (no gloves)
Will    .....                   p - +0 pair of boots
Stlth   ..........              (no amulet)
HPRegen 0.29/turn               h - +6 ring of strength
MPRegen 0.11/turn               g - ring of fire

@: berserking, slow
A: no striking features
a: no special abilities


You were on level 7 of the Dungeon.
You visited 1 branch of the dungeon, and saw 7 of its levels.

You collected 298 gold pieces.
You spent 55 gold pieces at shops.

Inventory:

Hand Weapons
 a - a +0 war axe (weapon)
Missiles
 u - a throwing net
Armour
 c - a +0 buckler (worn)
 i - a +0 chain mail (worn)
 j - a scarf of harm (worn)
 p - a +0 pair of boots (worn)
Jewellery
 g - a ring of fire (right hand)
 h - a +6 ring of strength (left hand)
Wands
 b - a wand of polymorph (18) (quivered)
 s - a wand of flame (20)
Scrolls
 e - a scroll of silence {unknown}
 k - a scroll of immolation {unknown}
 o - 2 scrolls of enchant armour
 q - a scroll of magic mapping {unknown}
 t - a scroll of fear {unknown}
 v - 2 scrolls of amnesia {unknown}
 w - 3 scrolls of teleportation
Potions
 d - 2 potions of berserk rage
 f - 2 potions of ambrosia {unknown}
 l - 3 potions of mutation {unknown}
 m - a potion of heal wounds {unknown}
 n - 4 potions of curing
 r - a potion of degeneration {unknown}
 x - a potion of invisibility {unknown}


   Skills:
 * Level 6.8 Fighting
 * Level 10.9 Axes
 + Level 5.4 Armour
 * Level 3.1 Dodging
 + Level 0.2 Stealth
 + Level 4.1 Shields
 * Level 3.8 Evocations


You had 8 spell levels left.
You didn't know any spells.
Your spell library contained the following spells:

 Spells                   Type           Power      Damage    Failure   Level
 Freeze                   Ice            0%         1d3       97%         1
 Summon Small Mammal      Summ           0%         N/A       97%         1
 Call Imp                 Summ           0%         N/A       99%         2
 Corpse Rot               Necr/Air       0%         N/A       99%         2
 Poisonous Vapours        Pois/Air       0%         N/A       99%         2
 Sublimation of Blood     Necr           0%         N/A       99%         2
 Frozen Ramparts          Ice            0%         1d2       100%        3
 Hailstorm                Conj/Ice       0%         3d3       100%        4
 Petrify                  Tmut/Erth      0%         N/A       100%        4
 Irradiate                Conj/Tmut      0%         3d14      100%        5
 Summon Forest            Summ/Tloc      0%         N/A       100%        5
 Spellforged Servitor     Conj/Summ      0%         N/A       100%        7


Dungeon Overview and Level Annotations

Branches:
Dungeon (7/15)             Temple (0/1) D:4

Altars:
Dithmenos
Fedhas
Gozag
Hepliaklqana
Ru
Wu Jian
Xom

Shops:
D:1 *   D:6 *(:[

Annotations:
D:6 2 transporters, Jingleheimer's ghost, novice TeBe


Message History

Deactivating autopickup; reactivate with Ctrl-A.
Something hits you but does no damage.
You closely miss something. Something hits you but does no damage.
Your unstable footing causes you to fumble your attack.
A sky beast appears from thin air!
Reactivating autopickup.
The sky beast hits you but does no damage.
You hit the sky beast.
The sky beast is moderately wounded.
The sky beast hits you.
* * * LOW HITPOINT WARNING * * *
The sky beast shocks you.
* * * LOW HITPOINT WARNING * * *
A red film seems to cover your vision as you go berserk!
You feel yourself moving faster!
You feel mighty!
The sky beast hits you but does no damage.
Your unstable footing causes you to fumble your attack.
Your unstable footing causes you to fumble your attack.
The sky beast barely misses you.
Your unstable footing causes you to fumble your attack.
The sky beast hits you.
* * * LOW HITPOINT WARNING * * *
The sky beast shocks you.
* * * LOW HITPOINT WARNING * * *
You hit the sky beast but do no damage.
The sky beast is moderately wounded.
You closely miss the sky beast.
The sky beast is moderately wounded.
The sky beast hits you.
* * * LOW HITPOINT WARNING * * *
The sky beast shocks you.
* * * LOW HITPOINT WARNING * * *
You slash the sky beast!
The sky beast is almost dead.
The sky beast flickers out of sight!
Deactivating autopickup; reactivate with Ctrl-A.
Something hits you.
* * * LOW HITPOINT WARNING * * *
Something shocks you.
You die...

#.
########.#####
#............
#........#..##
#........#...#
........#.<.#
.....(.#.#.#
#.....#...
#@....####..
#....){....+
.!.
#....≈.....#
..
#......?.### .
#........#
#........#
#........#
#.....(..#


There were no monsters in sight!

Vanquished Creatures
  Sigmund (D:3)
  3 ice beasts
  A centaur (D:7)
  4 ogres
  2 gnoll sergeants (D:5)
  4 scorpions
  A water moccasin zombie (D:5)
  2 water moccasin skeletons (D:4)
  A howler monkey (D:6)
  A bullfrog zombie (D:7)
  2 jellies
  3 bullfrog skeletons
  2 hounds
  Jessica (D:2)
  3 iguanas
  3 orc wizards
  A scorpion zombie (D:5)
  2 hound skeletons (D:4)
  6 gnolls
  7 adders
  2 white imps (D:6)
  2 ufetubi
  An adder skeleton (D:4)
  2 worms
  18 orcs
  9 bats
  11 endoplasms
  3 giant cockroaches (D:4)
  6 goblins
  10 hobgoblins
  4 jackals
  5 kobolds
  6 quokkas
  7 ball pythons
  2 frilled lizards
  3 rats
141 creatures vanquished.

Notes
Turn   | Place    | Note
-------+----------+-------------------------------------------
     0 | D:1      | cbfl8 the Hill Orc Fighter began the quest for the Orb.
     0 | D:1      | Reached XP level 1. HP: 19/19 MP: 1/1
   140 | D:1      | Reached XP level 2. HP: 27/27 MP: 2/2
   271 | D:1      | Found Woirheas's Assorted Antiques.
   275 | D:1      | Reached skill level 3 in Axes
   775 | D:2      | Reached XP level 3. HP: 26/33 MP: 3/3
   974 | D:2      | Noticed Jessica
   987 | D:2      | Killed Jessica
   988 | D:2      | Reached skill level 4 in Axes
   988 | D:2      | Reached skill level 1 in Evocations
   988 | D:2      | Reached XP level 4. HP: 5/40 MP: 4/4
  1770 | D:3      | Noticed Sigmund
  2144 | D:2      | Reached XP level 5. HP: 25/46 MP: 5/5
  2592 | D:3      | Reached skill level 5 in Axes
  2611 | D:4      | Found a shadowy altar of Dithmenos.
  3072 | D:3      | Found a shimmering altar of Xom.
  3074 | D:3      | Found a hazy altar of Hepliaklqana.
  3075 | D:3      | Noticed a spectral ugly thing
  3181 | D:3      | Killed Sigmund
  3182 | D:3      | Reached skill level 6 in Axes
  3182 | D:3      | Reached skill level 1 in Dodging
  3182 | D:3      | Reached XP level 6. HP: 34/53 MP: 6/6
  3546 | D:4      | Reached XP level 7. HP: 54/60 MP: 7/7
  3554 | D:4      | Reached skill level 7 in Axes
  3725 | D:4      | Found a staircase to the Ecumenical Temple.
  3980 | D:4      | Reached skill level 5 in Fighting
  4196 | D:4      | Found a sacrificial altar of Ru.
  4282 | D:4      | Reached skill level 8 in Axes
  4398 | D:5      | Entered Level 5 of the Dungeon
  4638 | D:5      | Reached XP level 8. HP: 60/68 MP: 8/8
  4675 | D:5      | Found an opulent altar of Gozag.
  5131 | D:5      | Got Wugreimo's Tome of Icy Creation
  5160 | D:5      | Reached skill level 9 in Axes
  6292 | D:6      | Found Biann's Book Emporium.
  6346 | D:6      | Reached skill level 10 in Axes
  6346 | D:6      | Reached skill level 5 in Armour
  6357 | D:6      | Found Gusul's Antique Armour Emporium.
  6368 | D:6      | Found a transporter.
  6375 | D:6      | Noticed Jingleheimer's ghost (novice TeBe)
  6386 | D:6      | Found a transporter.
  6445 | D:6      | Found an ornate altar of the Wu Jian Council.
  6494 | D:6      | Found Saos's General Store.
  6504 | D:6      | HP: 2/71 [ogre/+0 giant club (15)]
  6507 | D:6      | Reached XP level 9. HP: 3/78 MP: 9/9
  6837 | D:6      | Found Kewnei's Weapon Emporium.
  6852 | D:6      | Bought a potion of curing for 33 gold pieces
  6852 | D:6      | Bought a scroll of identify for 22 gold pieces
  7150 | D:6      | Found a blossoming altar of Fedhas.
  7620 | D:7      | HP: 5/117 [something (2)]
  7620 | D:7      | Slain by a sky beast

Illustrated notes

Levels and vault maps discovered:
D:1:      dpeg_arrival_boxorama, layout_basic, serial_shops, shop,
          grunt_decor_cap, minmay_surrounded
D:2:      layout_basic, uniq_jessica
D:3:      layout_rooms, regret_index_temple_of_mockery, uniq_sigmund
D:4:      layout_rooms, nicolae_ru_great_annihilating_truth,
          grunt_dithmenos_smoke, minmay_temple_entry_junction_2, st_stairs_11,
          minmay_mini_jars
D:5:      minmay_inner_zag, layout_gridville,
          nicolae_gozag_cash_rules_everything_around_me, lightli_minifort
D:6:      layout_basic, mainiacjoe_overflow_small_starburst,
          fedhas_altar_fruit_tree, gammafunk_ghost_arena, serial_shops, shop,
          nicolae_shop_trees, nicolae_shop_trees, nicolae_shop_waterfront
D:7:      layout_basic, kennysheep_windowed_goal, uniq_duvessa, uniq_menkaure

Skill      XL: |  1  2  3  4  5  6  7  8  9 |
---------------+----------------------------+-----
Fighting       | 4 5 6 |  6.8
Axes           | 3 4 6 8 10 | 10.9
Evocations     | 1 2 3 |  3.8
Armour         | 4 5 |  5.4
Dodging        | 1 2 3 |  3.1
Shields        | 4 |  4.1
Stealth        | |  0.2

Action                   |  1- 3 |  4- 6 |  7- 9 || total
-------------------------+-------+-------+-------++-------
Melee: War axe           |    70 |   106 |   242 ||   418
       Unarmed           |     1 |       |       ||     1
  Use: Potion            |     1 |     2 |     1 ||     4
       Scroll            |     1 |       |     4 ||     5
 Stab: Paralysed         |       |       |     2 ||     2
Armor: Scale mail        |    28 |       |       ||    28
       Chain mail        |    12 |    84 |   107 ||   203
Dodge: Dodged            |    36 |    41 |    85 ||   162
Block: Buckler           |    24 |    18 |    46 ||    88
